 Dungeon Crawl Stone Soup version 0.24-a0-549-g45f0056d81 (webtiles) character file.

Game seed: 14860250260594489639

209 Loge the Poker (level 5, 0/41 HPs)
             Began as a Merfolk Skald on Aug 20, 2019.
             Succumbed to an orc wizard's poison
             ... on level 3 of the Dungeon.
             The game lasted 00:10:57 (3027 turns).

Loge the Poker (Merfolk Skald)                      Turns: 3027, Time: 00:10:57

Health: 0/41       AC:  6    Str: 11    XL:     5   Next: 87%
Magic:  1/8        EV: 11    Int: 14    God:
Gold:   182        SH:  4    Dex: 13    Spells: 4/8 levels left

rFire    . . .     SeeInvis .   a - +0 spear
rCold    . . .     Gourm    .   (no shield)
rNeg     . . .     Faith    .   r - +0 ring mail
rPois    .         Spirit   .   (no helmet)
rElec    .         Reflect  +   m - +0 cloak
rCorr    .         Harm     .   (no gloves)
MR       .....                  (no boots)
Stlth    +.........             t - +4 amulet of reflection
HPRegen  0.13/turn              (no ring)
MPRegen  0.11/turn              (no ring)

@: lethally poisoned (0 -> -4), infused, berserk cooldown, flying, hasted and
slowed
A: change form in water, swift swim, stealthy swim
a: no special abilities


You were on level 3 of the Dungeon.
You were hungry.

You visited 1 branch of the dungeon, and saw 3 of its levels.

You collected 182 gold pieces.

Inventory:

Hand Weapons
 a - a +0 spear (weapon)
 i - a +2 short sword of draining
 o - a cursed -1 hunting sling
Missiles
 e - 5 javelins
 f - 36 stones
 p - 53 sling bullets
 q - 2 poisoned darts (quivered)
Armour
 b - a +0 leather armour
 m - a +0 cloak (worn)
 r - a +0 ring mail (worn)
Jewellery
 t - a +4 amulet of reflection (around neck)
Scrolls
 c - a scroll of magic mapping
 g - a scroll of identify
 j - a scroll of teleportation {unknown}
 l - a scroll of remove curse
 n - a scroll of noise {unknown}
 u - a scroll of fear {unknown}
Comestibles
 d - 6 rations
 v - 4 chunks of flesh


   Skills:
 + Level 3.4 Fighting
 * Level 6.1 Polearms
 - Level 1.0 Armour
 - Level 3.2 Dodging
 - Level 2.0 Spellcasting
 + Level 1.6 Hexes
 + Level 3.9 Charms


You had 4 spell levels left.
You knew the following spells:

 Your Spells              Type           Power        Failure   Level  Hunger
a - Infusion              Chrm           ##..         11%         1    ##.....
b - Spectral Weapon       Hex/Chrm       #.......     47%         3    ####...

Your spell library contained the following spells:

 Spells                   Type           Power        Failure   Level  Hunger
 Song of Slaying          Chrm           ##......     17%         2    ###....
 Shroud of Golubria       Chrm/Tloc      #.....       36%         2    ###....
 Regeneration             Chrm/Necr      #.........   58%         3    ####...


Dungeon Overview and Level Annotations

Branches:
Dungeon (3/15)

Altars:
Dithmenos
Nemelex Xobeh

Annotations:
D:3 1 transporter


Message History

You are too berserk!
You are too berserk!
You feel a strong urge to attack something.
* * * LOW HITPOINT WARNING * * *
You feel sick.
You feel your anger nearly subside.
You are no longer berserk.
You are exhausted.
You feel yourself slow down.
* * * LOW HITPOINT WARNING * * *
You feel sick.
You aren't carrying any potions.
Okay, then.
Put on which piece of jewellery? (? for menu, Esc to quit)
t - a +4 amulet of reflection (around neck)
As you read the scroll labeled NADEOMU TOUBUCK, it crumbles to dust.
You feel blessed for a moment.
It was a scroll of remove curse.
As you read the scroll labeled EBANTY RUNKE, it crumbles to dust.
It is a scroll of identify.
c - a scroll of magic mapping You die...

#†######.....######.### #.#
#.....##.......# ##.#
#.....##.###.#.# #..#
#.....##.###.#.# #.##
########.##..#.# ####.###
### #.##.##.# #....o.#
##.## #.##.##.# #.##.#.#
##...####.......#
#.##.#.####)....@......####
#.##...)...)...#########
#.####.#####..## #.####.#
#..# #......# #..# ########
####


There were no monsters in sight!

Vanquished Creatures
  A scorpion (D:3)
  An orc priest (D:3)
  Jessica (D:2)
  An orc wizard (D:3)
  3 adders (D:2)
  An ooze (D:2)
  2 worms (D:2)
  2 dart slugs
  2 leopard geckos (D:2)
  4 orcs (D:3)
  A giant cockroach (D:3)
  4 goblins
  2 hobgoblins (D:2)
  7 jackals (D:2)
  9 kobolds
  A quokka (D:2)
  5 bats
  A frilled lizard (D:2)
  5 rats (D:1)
53 creatures vanquished.

Notes
Turn   | Place    | Note
-------+----------+-------------------------------------------
     0 | D:1      | Loge the Merfolk Skald began the quest for the Orb.
     0 | D:1      | Reached XP level 1. HP: 16/16 MP: 3/3
   355 | D:1      | Reached XP level 2. HP: 23/23 MP: 1/5
   588 | D:1      | Reached skill level 4 in Polearms
   985 | D:2      | Reached XP level 3. HP: 18/28 MP: 1/6
  1198 | D:2      | Found a shadowy altar of Dithmenos.
  1217 | D:2      | Reached skill level 1 in Armour
  1897 | D:2      | Learned a level 3 spell: Spectral Weapon
  1961 | D:2      | Reached XP level 4. HP: 34/34 MP: 0/7
  2348 | D:2      | Reached skill level 5 in Polearms
  2381 | D:2      | Noticed Jessica
  2386 | D:2      | Killed Jessica
  2531 | D:3      | Reached skill level 1 in Hexes
  2531 | D:3      | Reached XP level 5. HP: 29/41 MP: 3/8
  2712 | D:3      | Found a sparkling altar of Nemelex Xobeh.
  2712 | D:3      | Found a transporter.
  2712 | D:3      | Noticed an orc warrior
  3017 | D:3      | Reached skill level 6 in Polearms
  3018 | D:3      | HP: 2/41 [poisoned by an orc wizard]
  3024 | D:3      | HP: 1/41 [poisoned by an orc wizard]
  3027 | D:3      | Succumbed to an orc wizard's poison

Levels and vault maps discovered:
D:1:      sevenhm_arrival_forest_fort_large_4, layout_rooms
D:2:      layout_loops_corners, first_ration, nicolae_dithmenos_shadow_blocks,
          uniq_jessica
D:3:      layout_loops_cross, grunt_nemelex_the_gamble

Skill      XL: |  1  2  3  4  5 |
---------------+----------------+-----
Polearms       | 4 5 6 |  6.1
Dodging        | 3 |  3.2
Armour         | 1 |  1.0
Fighting       | 3 |  3.4
Hexes          | 1 |  1.6
Spellcasting   | |  2.0
Charms         | |  3.9

Action                   |  1- 3 |  4- 6 || total
-------------------------+-------+-------++-------
Melee: Spear             |   123 |    85 ||   208
Throw: Dart              |       |     3 ||     3
 Cast: Infusion          |    23 |    13 ||    36
  Use: Potion            |       |     3 ||     3
       Scroll            |       |     2 ||     2
 Stab: Sleeping          |     1 |       ||     1
  Eat: Chunk             |     4 |     3 ||     7
Armor: Leather armour    |    28 |       ||    28
       Ring mail         |     1 |    23 ||    24
Dodge: Dodged            |    49 |    28 ||    77

Table legend:
 A = Non-vault XP
 B = Vault XP
 C = Vault XP percentage of total XP
 D = Non-vault monster count
 E = Vault monster count
 F = Vault count percentage of total count
                 A         B        C        D         E       F
            +---------+---------+-------+---------+---------+-------
      Total |     262 |      37 |  12.4 |      52 |       1 |   1.9
            +---------+---------+-------+---------+---------+-------
        D:1 |      27 |       0 |   0.0 |      17 |       0 |   0.0
        D:2 |      93 |      37 |  28.5 |      24 |       1 |   4.0
        D:3 |     142 |       0 |   0.0 |      11 |       0 |   0.0
            +---------+---------+-------+---------+---------+-------
